 Dungeon Crawl Stone Soup version 0.17.1-2-g5865329 (webtiles) character file.

237 dearth the Cudgeler (level 5, -9/47 HPs)
             Began as a Minotaur Berserker on Jan 28, 2016.
             Was a Believer of Trog.
             Mangled by an ogre
             ... wielding a +0 giant spiked club
              (30 damage)
             ... on level 4 of the Dungeon.
             The game lasted 00:06:27 (2511 turns).

dearth the Cudgeler (Minotaur Berserker)            Turns: 2511, Time: 00:06:28

Health: -9/47      AC:  6    Str: 22    XL:     5   Next: 77%
Magic:  4/4        EV:  8    Int:  4    God:    Trog [**....]
Gold:   127        SH:  8    Dex: 10    Spells: 0 memorised, 4 levels left

rFire  . . .     SeeInvis .     a - +0 mace
rCold  . . .     Clarity  .     n - +0 scale mail
rNeg   . . .     SustAt   .     p - +0 shield
rPois  .         Gourm    .     (helmet restricted)
rElec  .         Spirit   .     (no cloak)
rCorr  .         Warding  .     (no gloves)
rMut   .         Stasis   .     (no boots)
MR     .....                    (no amulet)
Stlth  ..........               (no ring)
                                (no ring)

@: not resistant to hostile enchantments, extremely unstealthy
A: retaliatory headbutt, horns 2
a: Berserk, Trog's Hand, Burn Spellbooks, Renounce Religion


You were on level 4 of the Dungeon.
You worshipped Trog.
Trog was pleased with you.
You were not hungry.

You visited 1 branch of the dungeon, and saw 4 of its levels.

You collected 127 gold pieces.

Inventory:

Hand Weapons
 a - a +0 mace (weapon)
Missiles
 b - 32 poisoned needles (quivered)
Armour
 n - a +0 scale mail (worn)
 p - a +0 shield (worn)
Scrolls
 d - a scroll of teleportation {unknown}
 e - 2 scrolls of remove curse {unknown}
 f - 9 scrolls of identify {unknown}
 g - a scroll of amnesia {unknown}
 i - 2 scrolls of magic mapping {unknown}
 k - 2 scrolls of enchant armour {unknown}
 l - a scroll of immolation {unknown}
 m - a scroll of noise {unknown}
 t - a scroll of recharging {unknown}
Potions
 h - 2 potions of might {unknown}
 o - 2 potions of poison {unknown}
 q - 2 potions of curing {unknown}
 u - a potion of mutation {unknown}
 v - a potion of agility {unknown}
Comestibles
 c - 5 bread rations
 j - a slice of pizza
 r - 2 beef jerkies


   Skills:
 + Level 4.6 Fighting
 * Level 5.9 Maces & Flails
 + Level 3.3 Armour
 + Level 3.2 Dodging
 + Level 2.0 Shields


You had 4 spell levels left.
You didn't know any spells.

Dungeon Overview and Level Annotations

Branches:
Dungeon (4/15)
 Temple: D:4-7

Altars:
Ru
Trog


Innate Abilities, Weirdness & Mutations

You reflexively headbutt those who attack you in melee.
You have a pair of horns on your head.


Message History

You see here a hand axe of venom.
You feel sick.
You feel sick.
You feel sick.
You are no longer poisoned.
A hound comes into view.
The hound barks!
An ogre comes into view. It is wielding a giant spiked club.
The ogre shouts!
Found a dagger.
You thump the hound! Your headbutt misses the hound.
The hound is heavily wounded.
The hound barely misses you. You furiously retaliate!
You headbutt the hound. The hound bites you.
You sock the hound! Your headbutt misses the hound.
The hound is almost dead.
The hound closely misses you.
The ogre hits you with a giant spiked club!!
Ouch! That really hurt!
You die...

.........).........#
................#..#
..............####.#
............## ..#
###......### ..#
##...### #.# #...##
.# #..## #@.#
#...Oh.# #).......
#........#
##.......# #.......#
#.......# ........#


You could see an ogre and a hound.

Vanquished Creatures
  2 orc wizards (D:4)
  3 orc priests (D:4)
  4 adders
  2 worms (D:2)
  5 giant geckos
  5 orcs
  4 giant cockroaches
  3 goblins
  3 hobgoblins
  3 jackals
  2 bats (D:2)
  7 giant newts
  8 kobolds
  3 rats
54 creatures vanquished.

Notes
Turn   | Place    | Note
--------------------------------------------------------------
     0 | D:1      | dearth the Minotaur Berserker began the quest for the Orb.
     0 | D:1      | Reached XP level 1. HP: 19/19 MP: 0/0
   218 | D:1      | Reached skill level 4 in Maces & Flails
   431 | D:1      | Reached XP level 2. HP: 27/27 MP: 1/1
   827 | D:2      | Reached XP level 3. HP: 22/33 MP: 2/2
   953 | D:2      | Reached ** piety under Trog
  1526 | D:3      | Found a sacrificial altar of Ru.
  1544 | D:3      | Reached skill level 5 in Maces & Flails
  1544 | D:3      | Reached skill level 1 in Shields
  1544 | D:3      | Reached XP level 4. HP: 40/40 MP: 3/3
  1626 | D:3      | Found a bloodstained altar of Trog.
  1869 | D:4      | Reached XP level 5. HP: 13/47 MP: 4/4
  2508 | D:4      | Noticed an ogre
  2511 | D:4      | Mangled by an ogre

Action                   |  1- 3 |  4- 6 || total
-------------------------+-------+-------++-------
Melee: Mace              |    91 |    56 ||   147
 Stab: Sleeping          |     1 |       ||     1
  Eat: Chunk             |     2 |     1 ||     3
       Meat ration       |       |     1 ||     1
